 Dungeon Crawl Stone Soup version 0.30-a0-1053-gbd8d5ba0ad (webtiles) character file.

Game seed: 10438965823857296004

900 GigaChad the Covered (level 8, -7/51 HPs)
             Began as a Gargoyle Fighter on Apr 11, 2023.
             Killed by divine providence
             ... invoked by an orc priest
              (15 damage)
             ... on level 5 of the Dungeon.
             The game lasted 00:06:01 (3311 turns).

GigaChad the Covered (Gargoyle Fighter)             Turns: 3311, Time: 00:06:01

Health: -7/51      AC: 19    Str: 23    XL:     8   Next: 7%
Magic:  8/8        EV:  6    Int:  8    God:
Gold:   205        SH:  4    Dex:  9    Spells: 7/7 levels left

rFire   . . .      SeeInvis .    a - +0 flail (flame)
rCold   . . .      Faith    .    c - +0 buckler
rNeg    + . .      Spirit   .    l - +0 plate armour
rPois   ∞          Reflect  .    (no helmet)
rElec   +          Rampage  .    y - +0 cloak
rCorr   .                        (no gloves)
Will    .....                    (no boots) Stlth
                                 h - amulet of regeneration
HPRegen 1.08/turn                (no ring)
MPRegen 0.11/turn                (no ring)

@: no status effects
A: sickness immunity, AC +5, negative energy resistance 1, electricity
resistance, torment resistance 1, petrification resistance
a: no special abilities


You were on level 5 of the Dungeon.
You visited 1 branch of the dungeon, and saw 5 of its levels.
You also visited: Sewer.

You collected 205 gold pieces.

Inventory:

Hand Weapons
 a - a +0 flail of flaming (weapon)
 n - the +3 glaive "Pyngyol" {elec, rC- rCorr Int+4 Dex+3}
   (You found it on level 2 of the Dungeon)

   Int:       It affects your intelligence (+4).
   Dex:       It affects your dexterity (+3).
   rC:        It makes you vulnerable to cold.
   rCorr:     It protects you from acid and corrosion.
Armour
 b - a +0 scale mail
 c - a +0 buckler (worn)
 l - a +0 plate armour (worn)
 r - a +1 chain mail
 y - a +0 cloak (worn)
Jewellery
 e - a ring of wizardry
 f - a ring of wizardry
 h - an amulet of regeneration (around neck)
Wands
 A - a wand of iceblast (10)
Scrolls
 k - 2 scrolls of teleportation
 m - 2 scrolls of immolation
 p - 2 scrolls of brand weapon
 s - a scroll of fog {unknown}
 t - a scroll of identify
 u - 2 scrolls of acquirement {unknown}
 w - a scroll of noise {unknown}
 z - a scroll of magic mapping {unknown}
 B - a scroll of vulnerability {unknown}
Potions
 d - 2 potions of might
 g - 4 potions of curing {unknown}
 i - 2 potions of lignification {unknown}
 j - 3 potions of heal wounds {unknown}
 o - a potion of mutation {unknown}
 q - a potion of experience {unknown}
 v - a potion of haste {unknown}
 x - 2 potions of ambrosia {unknown}


   Skills:
 * Level 6.2 Fighting
 * Level 2.2(3.2) Axes
 - Level 3.8(4.2) Maces & Flails
 * Level 6.3 Armour
 * Level 5.0 Shields


You had 7 spell levels left.
You didn't know any spells.
Your spell library contained the following spells:

 Spells                   Type           Power      Damage    Failure   Level
 Ensorcelled Hibernation  Hex/Ice        0%         N/A       100%        2
 Ozocubu's Armour         Ice            0%         N/A       100%        3
 Freezing Cloud           Conj/Ice/Air   0%         6-21      100%        5
 Polar Vortex             Ice            0%         N/A       100%        9


Dungeon Overview and Level Annotations

Branches:
Dungeon (5/15)              Sewer (visited)
 Temple: D:4-7

Altars:
Fedhas


Innate Abilities, Weirdness & Mutations

You are immune to sickness and miasma.
Your stone body is resilient. (AC +5)
You are immune to poison.
You resist negative energy. (rN+)
You are resistant to electric shocks. (rElec)
You are resistant to unholy torment.
You are immune to petrification.


Message History

The orc priest looks satisfied for a moment.
The orc priest barely misses you.
The orc priest attacks as you move away!
The orc priest hits you with a +0 flail.
* * * LOW HITPOINT WARNING * * *
The orc priest hits you but does no damage.
The orc priest attacks as you move away!
The orc priest hits you with a +0 spear.
* * * LOW HITPOINT WARNING * * *
Found a stone staircase leading down.
The orc priest hits you but does no damage.
The orc priest looks encouraged for a moment.
The orc priest begins to cast a cantrip, but forgets the words!
You block the orc priest's attack. x2
You hit the orc priest but do no damage.
The orc priest barely misses you. x2; You block the orc priest's attack.
The orc priest hits you but does no damage.
You barely miss the orc priest. The orc priest closely misses you.
The orc priest mumbles some strange prayers to Beogh against you.
Pain shoots through your body!
* * * LOW HITPOINT WARNING * * *
You closely miss the orc priest.
The orc priest hits you but does no damage. x2
You hit the orc priest.
The orc priest is lightly wounded.
The orc priest calls upon Beogh to heal the orc priest.
The orc priest's wounds heal themselves!
The orc priest hits you but does no damage.
You hit the orc priest.
The orc priest is lightly wounded.
The orc priest hits you but does no damage. x2
You hit the orc priest but do no damage.
The orc priest is lightly wounded.
The orc priest calls upon Beogh to heal the orc priest.
The orc priest's wounds heal themselves!
The orc priest hits you with a +0 flail.
* * * LOW HITPOINT WARNING * * *
The orc priest mumbles some strange prayers to Beogh against you.
Beogh smites you!
You die...

#........ #........
#........ ....#
#..>..... . ....
#........ .. ....
#........ ...##..
#........ .......
#........ #......
##@....... .#..(.<.
#.o....### #.......
#o.....### #....<.
#.....>... #......
.. #.......##
#......
...####).###.#
##.#..#
......#.###..#
##.#... #...###.####
#..#...
###........###....#.


You could see 2 orc priests.

Vanquished Creatures
  The ghost of jimonade the Slasher, an amateur BaFi (D:4)
  A water moccasin (Sewer)
  A black bear (D:4)
  A scorpion (D:4)
  A howler monkey (D:4)
  2 orc priests
  Jessica (D:2)
  A sleepcap (D:4)
  2 orc wizards (D:5)
  3 gnolls (D:5)
  10 adders
  2 ufetubi
  2 worms
  3 dart slugs
  10 orcs
  10 ball pythons
  3 bats (D:2)
  5 endoplasms
  5 giant cockroaches
  4 goblins
  6 hobgoblins
  4 jackals
  2 quokkas
  2 frilled lizards (D:3)
  10 kobolds
  10 rats
102 creatures vanquished.

Notes
Turn   | Place    | Note
-------+----------+-------------------------------------------
     0 | D:1      | GigaChad the Gargoyle Fighter began the quest for the Orb.
     0 | D:1      | Reached XP level 1. HP: 14/14 MP: 1/1
   191 | D:1      | Reached XP level 2. HP: 19/19 MP: 2/2
   417 | D:1      | Reached XP level 3. HP: 19/23 MP: 3/3
   796 | D:2      | Noticed Jessica
   804 | D:2      | Killed Jessica
   805 | D:2      | Reached XP level 4. HP: 9/29 MP: 4/4
  1115 | D:2      | Identified the +3 glaive "Pyngyol" {elec, rC- rCorr Int+4
                  | Dex+3}
  1756 | D:3      | Reached XP level 5. HP: 33/33 MP: 5/5
  2526 | D:4      | Noticed a black bear
  2534 | D:4      | Killed a black bear
  2535 | D:4      | Reached XP level 6. HP: 37/39 MP: 6/6
  2541 | D:4      | Reached skill level 1 in Axes
  2558 | D:4      | Found a glowing drain.
  2576 | D:4      | Found a blossoming altar of Fedhas.
  2618 | Sewer    | Entered a sewer
  2670 | Sewer    | Noticed a water moccasin
  2677 | Sewer    | Killed a water moccasin
  2678 | Sewer    | Reached skill level 5 in Fighting
  2678 | Sewer    | Reached skill level 5 in Armour
  2678 | Sewer    | Reached XP level 7. HP: 44/44 MP: 7/7
  2768 | D:4      | Found a runed translucent door.
  2770 | D:4      | Noticed jimonade's ghost (amateur BaFi)
  3117 | D:4      | Killed jimonade's ghost
  3178 | D:5      | Entered Level 5 of the Dungeon
  3243 | D:5      | Got the Codex of the Deep Freeze
  3287 | D:5      | Reached XP level 8. HP: 26/51 MP: 8/8
  3294 | D:5      | Reached skill level 5 in Shields
  3298 | D:5      | HP: 2/51 [orc priest/nerve-wracking pain (4)]
  3311 | D:5      | Killed from afar by an orc priest

Illustrated notes

Levels and vault maps discovered:
D:1:      ncdulo_wetmaze, layout_loops_ring
D:2:      layout_basic, uniq_jessica
D:3:      wad_pebble_path, layout_basic
D:4:      layout_cave_pools, fedhas_altar_fruit_tree, gup_sewer_entry_glass,
          ebering_ghost_inner_flame
D:5:      layout_rooms, mainiacjoe_overflow_small_starburst

Skill      XL: |  1  2  3  4  5  6  7  8 |
---------------+-------------------------+-----
Armour         | 4 5 6 |  6.3
Maces & Flails | 3 |  3.8
Fighting       | 4 5 6 |  6.2
Shields        | 4 5 |  5.0
Axes           | 1 2 |  2.2

Action                     |  1- 3 |  4- 6 |  7- 9 || total
---------------------------+-------+-------+-------++-------
  Melee: Flail             |    87 |   179 |    86 ||   352
    Use: Scroll            |       |     4 |       ||     4
 Armour: Scale mail        |    81 |    32 |       ||   113
         Chain mail        |       |    39 |       ||    39
         Plate armour      |       |    82 |    95 ||   177
  Dodge: Dodged            |    59 |    95 |    28 ||   182
  Block: Buckler           |    23 |    39 |    25 ||    87

Table legend: (Time is in decaauts)
 A = Elapsed time spent in this place.
 B = Non-inter-level travel time spent in this place.
 C = Inter-level travel time spent in this place.
 D = Time resting spent in this place.
 E = Time spent auto-exploring this place.
 F = Levels seen in this place.
 G = Mean time per level.
                   A        B        C        D        E       F      G
               +--------+--------+--------+--------+--------+-----+--------+
         Total |   3426 |   3332 |     94 |    288 |   2088 |   6 |  571.0 |
       Dungeon |   3297 |   3203 |     94 |    288 |   2018 |   5 |  659.4 |
         Sewer |    128 |    128 |      0 |      0 |     70 |   1 |  128.0 |
               +--------+--------+--------+--------+--------+-----+--------+

Top non-repeatable levels by time:
     D:2: 1068 daAuts
     D:3: 710 daAuts
     D:4: 690 daAuts
     D:1: 681 daAuts
     D:5: 145 daAuts
   Sewer: 128 daAuts
